 Dungeon Crawl Stone Soup version 0.29-a0-834-g1e95ca9f62 (webtiles) character file.

Game seed: 4307616429045600349

373 kevlar127 the Ruffian (level 6, -2/93 (94) HPs)
             Began as a Troll Berserker on July 13, 2022.
             Was a Believer of Trog.
             Killed by divine providence
             ... invoked by an orc priest
              (11 damage)
             ... on level 6 of the Dungeon.
             The game lasted 00:04:38 (2327 turns).

kevlar127 the Ruffian (Troll Berserker)             Turns: 2327, Time: 00:04:38

HP:   -2/93 (94)    AC:  5    Str: 28    XL:     6   Next: 43%
MP:   5/5           EV: 10    Int:  3    God:    Trog [**....]
Gold: 155           SH:  0    Dex:  9    Spells: 5/5 levels left

rFire   . . .      SeeInvis .     - Unarmed
rCold   . . .      Faith    .   (no shield)
rNeg    . . .      Spirit   .   a - +0 animal skin
rPois   .          Reflect  .   (helmet restricted)
rElec   .          Harm     .   r - +0 cloak
rCorr   .          Rampage  .   (gloves unavailable)
Will    ++...                   (boots unavailable)
Stlth   ..........              (no amulet)
HPRegen 2.05/turn               l - ring of flight
MPRegen 0.09/turn               (no ring)

@: berserking, strong-willed (expiring), flying, regenerating (expiring),
lightly drained, very quick
A: large, unfitting armour, claws 3, regeneration 1, shaggy fur 1, tough skin 1
a: Renounce Religion, Berserk, Trog's Hand


You were on level 6 of the Dungeon.
You worshipped Trog.
Trog was pleased with you.
You visited 1 branch of the dungeon, and saw 4 of its levels.

You collected 155 gold pieces.

Inventory:

Missiles
 c - 25 stones (quivered)
 f - 14 poisoned darts
 o - a throwing net
Armour
 a - a +0 animal skin (worn)
 r - a +0 cloak (worn)
Jewellery
 h - the ring "Nafot" {rPois rF- rN+++ Will- Int+6}
   (You found it on level 2 of the Dungeon)

   [ring of poison resistance]

   Int:       It affects your intelligence (+6).
   rF:        It makes you vulnerable to fire.
   rPois:     It protects you from poison.
   rN:        It renders you almost immune to negative energy.
   Will:      It decreases your willpower.
 l - a ring of flight (left claw)
Scrolls
 e - a scroll of fear {unknown}
 g - 2 scrolls of blinking {unknown}
 i - a scroll of enchant weapon {unknown}
 j - 3 scrolls of teleportation {unknown}
 k - a scroll of poison {unknown}
 n - a scroll of brand weapon {unknown}
 p - 2 scrolls of identify {unknown}
Potions
 b - 5 potions of heal wounds {unknown}
 d - 3 potions of curing {unknown}
 m - 2 potions of might {unknown}
 q - a potion of attraction {unknown}
 s - 2 potions of mutation {unknown}


   Skills:
 + Level 4.6 Fighting
 - Level 2.4 Dodging
 + Level 5.5 Unarmed Combat


You had 5 spell levels left.
You didn't know any spells.
Your spell library was empty.

Dungeon Overview and Level Annotations

Branches:
Dungeon (6/15)
 Temple: D:4-7

Altars:

Shops:
D:2 (


Innate Abilities, Weirdness & Mutations

You are too large for most types of armour.
You have claws for hands.
Your natural rate of healing is unusually fast.
You are covered in fur. (AC +1)
You have tough skin. (AC +1)


Message History

The orc closely misses you. The centaur hits you.
* * * LOW HITPOINT WARNING * * *
The centaur kicks you but does no damage.
The centaur wields a +0 shortbow.
The centaur shoots an arrow.
The arrow hits you.
* * * LOW HITPOINT WARNING * * *
The orc priest mumbles some strange prayers to Beogh against you.
Beogh smites you!
* * * LOW HITPOINT WARNING * * *
Things that are here:
a +2 mace; a +0 robe
Things that are here:
a +0 club; a +0 chain mail; an orc corpse You hear the slow hiss of an avalanche of sand nearby.
Unknown command.
A red film seems to cover your vision as you go berserk!
You feel yourself moving faster!
You feel mighty! The wight hits you with a +0 hand axe.
* * * LOW HITPOINT WARNING * * *
You feel drained.
* * * LOW HITPOINT WARNING * * *
The orc hits you with a +0 falchion.
* * * LOW HITPOINT WARNING * * *
The centaur unwields a +0 shortbow.
The centaur hits you but does no damage.
The centaur closely misses you.
You barely miss the wight.
The wight is heavily damaged.
You feel the effects of Trog's Hand fading.
The orc barely misses you.
The orc priest begins to cast a cantrip, but forgets the words!
The wight closely misses you.
You scratch the wight.
The wight is almost destroyed.
The centaur completely misses you. The centaur barely misses you.
The wight hits you with a +0 hand axe!
* * * LOW HITPOINT WARNING * * *
The orc priest calls down the wrath of Beogh upon you.
Beogh smites you!
You die...

##...## ......#
##...## #>....#
##...## #.....#
##...## ##.....##
###..#####.)z...z#
#....##..o####..#
##.....z)## .#
##..coz## ##..@##
#####


You could see a centaur, 3 wights, an orc priest and an orc.

Vanquished Creatures
  Sigmund (D:3)
  2 wights (D:6)
  A hound (D:3)
  2 adders (D:2)
  2 dart slugs (D:2)
  6 orcs
  4 ball pythons
  6 endoplasms
  4 giant cockroaches
  5 goblins
  7 hobgoblins
  2 jackals (D:1)
  A quokka (D:3)
  2 bats
  2 frilled lizards (D:1)
  4 kobolds
  8 rats
59 creatures vanquished.

Vanquished Creatures (others)
  A fungus (D:2)
1 creature vanquished.

Grand Total: 60 creatures vanquished

Notes
Turn   | Place    | Note
-------+----------+-------------------------------------------
     0 | D:1      | kevlar127 the Troll Berserker began the quest for the Orb.
     0 | D:1      | Reached XP level 1. HP: 22/22 MP: 0/0
   355 | D:1      | Reached XP level 2. HP: 29/29 MP: 1/1
   982 | D:2      | Identified the ring "Nafot" {rPois rF- rN+++ Will- Int+6}
  1030 | D:2      | Found Lyatwy's Weapon Emporium.
  1085 | D:2      | Found a faded altar of an unknown god.
  1179 | D:2      | Reached XP level 3. HP: 23/37 MP: 2/2
  1641 | D:2      | Reached ** piety under Trog
  1664 | D:2      | Reached skill level 4 in Unarmed Combat
  1797 | D:3      | Reached XP level 4. HP: 42/45 MP: 3/3
  2152 | D:3      | Noticed Sigmund
  2161 | D:3      | Killed Sigmund
  2162 | D:3      | Reached skill level 5 in Unarmed Combat
  2162 | D:3      | Reached XP level 5. HP: 34/54 MP: 4/4
  2264 | D:3      | Reached XP level 6. HP: 62/62 MP: 5/5
  2272 | D:3      | You are sucked into a shaft and drop 3 floors!
  2327 | D:6      | Killed from afar by an orc priest

Illustrated notes

Levels and vault maps discovered:
D:1:      dpeg_arrival_snail, layout_loops_corners
D:2:      minmay_chambers_of_ones, layout_rooms,
          shapermc_ecumenical_altar_acropolis, serial_shops,
          nicolae_diamond_shop
D:3:      layout_basic, uniq_sigmund, uniq_natasha
D:6:      layout_layer_cave, mainiacjoe_overflow_alcove_3,
          nicolae_ossuary_entry_catacombs, minmay_stone_trees_large

Skill      XL: |  1  2  3  4 |
---------------+-------------+-----
Fighting       | 3 4 |  4.6
Unarmed Combat | 4 5 |  5.5
Dodging        | |  2.4

Action                   |  1- 3 |  4- 6 || total
-------------------------+-------+-------++-------
Melee: Unarmed           |    78 |    58 ||   136
       Punch             |     3 |     4 ||     7
Invok: Berserk           |       |     1 ||     1
       Trog's Hand       |       |     1 ||     1
 Stab: Sleeping          |     1 |       ||     1
Armor: Animal skin       |    20 |    19 ||    39
Dodge: Dodged            |    32 |    46 ||    78

Table legend: (Time is in decaauts)
 A = Elapsed time spent in this place.
 B = Non-inter-level travel time spent in this place.
 C = Inter-level travel time spent in this place.
 D = Time resting spent in this place.
 E = Time spent auto-exploring this place.
 F = Levels seen in this place.
 G = Mean time per level.
                   A        B        C        D        E       F      G
               +--------+--------+--------+--------+--------+-----+--------+
         Total |   2316 |   2207 |    109 |    435 |   1454 |   4 |  579.0 |
       Dungeon |   2316 |   2207 |    109 |    435 |   1454 |   4 |  579.0 |
               +--------+--------+--------+--------+--------+-----+--------+

Top non-repeatable levels by time:
     D:1: 966 daAuts
     D:2: 888 daAuts
     D:3: 408 daAuts
     D:6: 53 daAuts
